[Event "Betsys MČR v online bleskovém šachu 2021"]
[Site "Chess.com"]
[Date "2021.04.17"]
[Round "11"]
[White "petr812"]
[Black "tudlenudle"]
[Result "1-0"]
[WhiteElo "2124"]
[BlackElo "1945"]
[TimeControl "180+1"]
[EndTime "10:51:14 PDT"]
[Termination "Uživatel petr812 zvítězil matem"]

1. e4 e5 2. f4 exf4 3. Nf3 Nf6 4. Nc3 d5 5. e5 Ne4 6. d4 Bb4 7. Bd2 Nxd2 8. Qxd2 O-O 9. Bd3 c5 10. a3 Ba5 11.
dxc5 d4 12. Nxd4 Qh4+ 13. Qf2 Qxf2+ 14. Kxf2 Bxc3 15. bxc3 Nd7 16. Ne2 g5 17. c6 Nxe5 18.
cxb7 Bxb7 19. Rhe1 Rfe8 20. h3 Rad8 21. Nd4 h6 22.
Rad1 Nxd3+ 23. cxd3 Rxe1 24. Rxe1 Ba6 25. Rd1 Rc8 26. c4 Rd8 27. Nf5 Bxc4 28. d4 Kh7 29. h4 Be6 30. Ne7 Bd5 31. hxg5 hxg5 32. Rh1+ Kg7 33.
Rc1 Kf6 34. Nc8 Bb7 35. Nxa7 Rxd4 36. Rc2 Rd3 37. Nb5 Rg3 38. Kf1 Ba6 39. Rc6+ Kf5 40.
Rxa6 g4 41. Rc6 f3 42. gxf3 Rxf3+ 43. Kg2 Re3 44. Nd4+ Ke4 45. Nc2 Re2+ 46. Kg3 f5 47. Rc4+ Kd3 48. Rc8 Rxc2 49. Rxc2 Kxc2 50. a4 Kd3 51. a5 Ke4 52. a6 f4+ 53. Kxg4 f3 54.
a7 f2 55. a8=Q+ Ke3 56. Qe8+ Kd2 57. Qd7+ Ke1 58. Qe6+ Kf1 59. Kf3 Kg1 60. Qg4+ Kh1 61. Qg2# 1-0

[Event "Betsys MČR v online bleskovém šachu 2021"]
[Site "Chess.com"]
[Date "2021.04.17"]
[Round "11"]
[White "jsulc"]
[Black "vit_rosenbaum"]
[Result "0-1"]
[WhiteElo "2076"]
[BlackElo "2262"]
[TimeControl "180+1"]
[EndTime "10:51:15 PDT"]
[Termination "Uživatel vit_rosenbaum zvítězil na čas"]

1. d4 e6 2. Nf3 c5 3. c3 Nf6 4. Nbd2 d5 5. e3 Nc6 6. Bd3 Bd6 7. O-O b6 8. Re1 O-O 9. dxc5 Bxc5 10. e4 dxe4 11.
Nxe4 Nxe4 12. Bxe4 Qxd1 13. Rxd1 Bb7 14. Bf4 Rfd8 15.
Bc7 Rdc8 16. Rd7 Na5 17. Bxb7 Nxb7 18. Bxb6 Bxb6 19. Rxb7 Rd8 20. Kf1 Rd5 21. Ke2 Rad8 22. a4 g5 23. a5 Bxa5 24. Rxa7 Bb6 25. Ra8 g4 26. Rxd8+ Bxd8 27. Nd4 Bf6 28. Rd1 h5 29. Nc2 Rb5 30. Nb4 Be7 31. Nd3 Bf6 32. f3 gxf3+ 33. gxf3 Kh7 34. Kd2 Bg5+ 35. Kc2 Rf5 36. b4 Rxf3 37.
b5 Be3 38. c4 Rh3 39. c5 Rxh2+ 40. Kb3 Rg2 41. b6 Rg8 42. b7 f5 43. c6 Bb6 44.
Re1 Re8 45. Ne5 Bc7 46. Kc4 Kg7 47. Rg1+ Kf6 48. Nd7+ Ke7 49. Rh1 Kd6 50. Rxh5 Kxc6 51. Nf6 Rd8 52. Rh6 Kxb7 53. Nh5 e5 54. Rf6 Rd4+ 55.
Kc3 f4 56. Ng7 Ba5+ 57. Kb3 Rb4+ 58. Kc2 Rb6 59. Rf5 Rb5 60. Ne6 Bc7 61. Nxf4 Rc5+ 62. Kd3 Rc6 63. Ne2 Rd6+ 64. Ke3 Kc6 65. Ke4 Rd2 66.
Nc3 Rc2 0-1

[Event "Betsys MČR v online bleskovém šachu 2021"]
[Site "Chess.com"]
[Date "2021.04.17"]
[Round "11"]
[White "Trickov"]
[Black "JakubPulpan"]
[Result "0-1"]
[WhiteElo "2413"]
[BlackElo "2714"]
[TimeControl "180+1"]
[EndTime "10:51:23 PDT"]
[Termination "Uživatel JakubPulpan zvítězil na čas"]

1. d4 Nf6 2. Nf3 d5 3. c4 e6 4. g3 Bb4+ 5. Bd2 Be7 6. Bg2 O-O 7. Qc2 c6 8. O-O Nbd7 9. Rd1 b6 10. b3 Bb7 11. Nc3 c5 12. cxd5 exd5 13. dxc5 bxc5 14. Bf4 d4 15. Na4 Be4 16. Qd2 Nb6 17. Qa5 Nxa4 18. Qxa4 Nd5 19. Bd2 Nb6 20. Qa5 Qd5 21. Rac1 Rfd8 22.
Ne1 Bxg2 23. Nxg2 Qe4 24. Qb5 Bf8 25. Ba5 Re8 26. Nf4 Bd6 27. Nd3 Rab8 28. Nxc5 Qd5 29. a4 h6 30. Na6 Qxb5 31. axb5 Rbd8 32. Rxd4 Be5 33. Rxd8 Rxd8 34. Nb4 Bb2 35. Rb1 Bf6 36.
Nc6 Rd7 37. Nxa7 Nd5 38. Nc6 Rb7 39. Rd1 Rxb5 40. b4 Nc3 41. Re1 Kh7 42. Kf1 Ne4 43. Rd1 Nc3 44. Rd3 Rh5 45. h4 Nb5 46. Rf3 Rd5 47. Kg2 Rd2 48. e3 Rb2 49. Nd4 Nxd4 50. exd4 Bxd4 51. Rxf7 Bc3 52. Bb6 Rxb4 53. Be3 Bf6 54. Rd7 Rg4 55. Kf3 Ra4 56. Kg2 Ra8 57. Kf3 Re8 58. Kg2 Rf8 59. Kf3 Bxh4+ 60. Kg2 Bf6 61.
Rb7 Kg6 62. Rd7 h5 63. Rb7 Ra8 64. Rb5 Ra4 65. Rd5 Rc4 66. Rb5 Re4 67. Rc5 Rg4 0-1

[Event "Betsys MČR v online bleskovém šachu 2021"]
[Site "Chess.com"]
[Date "2021.04.17"]
[Round "11"]
[White "Adam20032007"]
[Black "sachovybukowski"]
[Result "1-0"]
[WhiteElo "1880"]
[BlackElo "1950"]
[TimeControl "180+1"]
[EndTime "10:51:23 PDT"]
[Termination "Uživatel Adam20032007 zvítězil na čas"]

1. d4 c5 2. c3 g6 3. e3 Bg7 4. Bd3 Nf6 5. Nf3 O-O 6. O-O d5 7. Nbd2 Nc6 8. dxc5 e5 9. e4 Qe7 10. b4 a5 11. Qb3 dxe4 12. Nxe4 axb4 13. cxb4 Be6 14.
Nxf6+ Bxf6 15. Bc4 Bxc4 16. Qxc4 e4 17. Bh6 Bxa1 18.
Bxf8 Qxf8 19. Rxa1 exf3 20. gxf3 Qe7 21. b5 Ne5 22.
Qe4 Qxc5 23. a4 Qc3 24. Rd1 Qxf3 25. Qxf3 Nxf3+ 26. Kg2 Nh4+ 27. Kh3 Rxa4 28. Rd7 b6 29. Rb7 Nf5 30. Rxb6 Rb4 31. Rb8+ Kg7 32. b6 Kf6 33.
Kg2 Ne7 34. Kf3 Nd5 35. b7 Nc7 36. Ke3 Na6 37. Ra8 Rxb7 38. Rxa6+ Kg7 39. Rd6 Re7+ 40.
Kf3 Re5 41. Kg3 Rf5 42. f4 Rf6 43. Rd5 Re6 44. Rd3 h5 45. h4 Kf6 46. Rd4 Re3+ 47. Kf2 Rh3 48. Kg2 Rxh4 49. Kg3 Rg4+ 50. Kf3 Rg1 51.
Rd6+ Ke7 52. Rd3 Ra1 53. Re3+ Kf6 54. Rd3 Ra4 55. Rd6+ Kg7 56. Rd7 Ra3+ 57. Kg2 h4 58. Rd2 Kf6 59. Rd5 Rg3+ 60. Kh2 Rc3 61. Kg2 Kg7 62.
Kf2 h3 63. Rd4 Kf6 64. Rd5 Ke6 65. Rb5 f6 66. Rb6+ Kf5 67. Rb4 1-0

[Event "Betsys MČR v online bleskovém šachu 2021"]
[Site "Chess.com"]
[Date "2021.04.17"]
[Round "11"]
[White "RadosC"]
[Black "karimaster100"]
[Result "0-1"]
[WhiteElo "2484"]
[BlackElo "2314"]
[TimeControl "180+1"]
[EndTime "10:51:38 PDT"]
[Termination "Uživatel karimaster100 zvítězil po vzdání soupeře"]

1. e4 c5 2. Nf3 d6 3. d4 cxd4 4. Nxd4 Nf6 5. Nc3 a6 6. h3 e6 7. g4 d5 8. exd5 Nxd5 9. Nde2 Bb4 10. Bd2 Nxc3 11. Nxc3 O-O 12. Bg2 Qc7 13. O-O Bd7 14.
a3 Be7 15. Qe2 Bc6 16. Ne4 Nd7 17. Bc3 Rad8 18. Rfd1 Nc5 19. Nxc5 Bxc5 20. Qe5 Qxe5 21. Bxe5 Bxg2 22. Kxg2 f6 23. Bg3 e5 24. Kf3 Kf7 25. Ke4 Ke6 26. f4 exf4 27. Bxf4 g6 28. b4 Be7 29. c4 Rxd1 30. Rxd1 Rd8 31. Re1 h5 32. gxh5 g5 33. Bc1 Rh8 34. Kd4+ Kd7 35. Kd5 Rxh5 36. Rd1 Rxh3 37. Ke4+ Ke6 38. c5 f5+ 39.
Kd4 f4 40. Ke4 Rh2 41. Kf3 Bf6 42. Rd6+ Kf5 43. Rd5+ Be5 44. Bxf4 gxf4 45. Rd7 Rh3+ 46. Ke2 Ke4 47. Rxb7 f3+ 48. Kd2 Rh1 49. Rf7 Bd4 50. c6 f2 51. c7 Rh8 52. Ke2 Rc8 53. Re7+ Kd5 54. Rf7 Kc6 55. Kd3 Bb6 56. Rf6+ Kb7 57. a4 Rxc7 58. a5 Ba7 59. b5 axb5 60. a6+ Kb8 61. Rf8+ Rc8 62. Rf7 Ka8 63. Rf6 Bc5 64. Rf7 b4 65. Kc4 b3 66. Kxb3 Re8 67. Kc4 Re1 68.
Kxc5 f1=Q 69. Rxf1 Rxf1 70. Kb6 Rf6+ 71. Kc7 Ka7 72.
Kd7 Kxa6 73. Ke7 Rf2 0-1

[Event "Betsys MČR v online bleskovém šachu 2021"]
[Site "Chess.com"]
[Date "2021.04.17"]
[Round "11"]
[White "fadamos"]
[Black "florenc1330"]
[Result "1-0"]
[WhiteElo "2309"]
[BlackElo "2117"]
[TimeControl "180+1"]
[EndTime "10:51:48 PDT"]
[Termination "Uživatel fadamos zvítězil na čas"]

1. e4 d5 2. exd5 Qxd5 3. Nc3 Qa5 4. d4 Nf6 5. Bc4 Bg4 6. Ne2 Nc6 7. f3 Bh5 8. Bd2 O-O-O 9. d5 Ne5 10. Bb3 e6 11.
O-O exd5 12. Kh1 d4 13. Ne4 Qb6 14. Nxf6 gxf6 15. Ng3 Bg6 16. f4 d3 17. fxe5 dxc2 18. Bxc2 Bh6 19. Qg4+ f5 20. Bxf5+ Kb8 21. Bxh6 Bxf5 22.
Nxf5 Rhg8 23. Bg7 Qxb2 24. Rad1 Rxd1 25. Rxd1 a6 26. a4 Qc2 27. h3 Re8 28. Bf6 Ka7 29. Qd4+ b6 30. Ne3 Qc6 31. Nd5 Rg8 32. a5 Kb7 33. axb6 cxb6 34. Rb1 b5 35. Rd1 a5 36. Ne3 b4 37. Qd7+ Qxd7 38. Rxd7+ Kc6 39. Rd6+ Kc5 40. Rd5+ Kb6 41. Bd8+ Kc6 42. Bxa5 b3 43. Rd3 Rb8 44. Nd1 b2 45. Nxb2 Rxb2 46. Kh2 Ra2 47. Bc3 Re2 48. Rf3 Rc2 49. Bd4 Kd5 50. Ba1 Ke6 51. Ra3 Rc6 52. Ra8 h5 53. Kg3 Rb6 54. Kh4 Rb3 55. Kxh5 Rg3 56. Ra2 Kf5 57. Kh4 Rg8 58. g4+ Ke6 59. Rf2 Rh8+ 60. Kg3 Ra8 61. Rf6+ Ke7 62. Bd4 Ra4 63.
Bc5+ Ke8 64. Kh4 Rc4 65. Bd6 Re4 66. Kg5 Re3 67. h4 Rg3 68. h5 Rh3 69. h6 Rh2 70. Rf3 Rh1 71. Ra3 Kd7 72. Ra7+ Ke6 73. Re7+ Kd5 74.
Rxf7 Rh2 75. h7 Ke6 76. Rf6+ Kd7 77. Kg6 Ke8 78. Kg7 1-0

[Event "Betsys MČR v online bleskovém šachu 2021"]
[Site "Chess.com"]
[Date "2021.04.17"]
[Round "11"]
[White "sachmaty8"]
[Black "CZpeeeter"]
[Result "1-0"]
[WhiteElo "1833"]
[BlackElo "1699"]
[TimeControl "180+1"]
[EndTime "10:53:35 PDT"]
[Termination "Uživatel sachmaty8 zvítězil na čas"]

1. e4 e5 2. Nf3 Nc6 3. Bb5 Nge7 4. O-O g6 5. c3 Bg7 6. d4 exd4 7. cxd4 O-O 8. Nc3 a6 9. Bc4 d6 10. Ng5 h6 11. Nf3 Bg4 12. Be3 Kh7 13. h3 Bxf3 14. Qxf3 f5 15. d5 Ne5 16. Qe2 fxe4 17.
Nxe4 Nf5 18. Rac1 Qe7 19. Rfe1 Nxe3 20. Qxe3 Nxc4 21. Rxc4 Bxb2 22. Rb1 Be5 23. Rxb7 Bf4 24. Qd3 Rab8 25. Rbxc7 Rf7 26. Rxe7 Rxe7 27. g3 Be5 28. Qc2 Rb5 29. Rc7 Rg7 30. Rxg7+ Bxg7 31. Nxd6 Rxd5 32. Ne4 Re5 33. Qc4 Re7 34. Nd6 Rd7 35. Ne4 Re7 36.
Nd2 Rd7 37. Nf3 Rf7 38. Kg2 Re7 39. Qc5 Rf7 40. Qb6 Rf6 41. Qa7 Rd6 42. a4 Re6 43.
Qb7 Rd6 44. Qf7 Rf6 45. Qe7 Rc6 46. h4 Rf6 47. h5 g5 48. Qe4+ Kh8 49. Ne5 Kg8 50.
Ng6 Rf7 51. Qe8+ Bf8 52. Qe6 Kg7 53. Ne5 Rf6 54. Qd7+ Kg8 55. Qd5+ Kg7 56. Ng6 Rf7 57. Qe5+ Rf6 58. Qc7+ Kg8 59. Qa5 Kg7 60. Qb4 Bxb4 61. Ne5 a5 62. Nd3 Bc3 63. Nb2 Bb4 64. Nc4 Re6 65.
g4 Rd6 66. Ne3 Rc6 67. Nf5+ Kf6 68. Ne3 Rc3 69. Nf5 Ke5 70. Nxh6 Kd4 71. Nf7 Ra3 72. Nxg5 Rxa4 73. Nf3+ Kd3 74. h6 Ra2 75. h7 Bc3 76. g5 Bg7 77. g6 a4 78. Ng5 a3 79. Ne6 Bf6 80. g7 Bxg7 81. Nxg7 Re2 82. h8=Q a2 83. Qd8+ Kc3 84. Qa8 Kb2 85. Qf3 a1=Q 86. Qxe2+ Kb3 87. Qe6+ Kb4 88. Qb6+ Kc4 89. Qc6+ Kd3 90. Qf3+ Kc4 91. Qe2+ Kc5 92. Qe3+ Kd6 93. Nf5+ Kc6 94. Nd4+ Kd7 95. Qe6+ Kc7 96. Nb5+ Kb7 97. Nd6+ Kc6 98. Ne4+ Kc7 99. Qf7+ Kc6 100. Qe8+ Kd5 101. Qf7+ Kxe4 102. Qg6+ Kd5 103. Qf7+ Kc6 104. Qg6+ Kb7 105. Qf7+ Kc8 106. Qe6+ Kb7 107. Qd5+ Kc8 108. Qc6+ Kd8 109. Qb6+ Ke8 110. Qe3+ Kd8 111. f4 Kc8 112. Kf3 Qf6 113. Qe4 Kd8 114. f5 Qc3+ 115. Kf4 Qc7+ 116. Qe5 Qc4+ 117. Kg5 Qc1+ 118. Qf4 Qg1+ 119. Qg4 Qe3+ 120. Kh5 Ke8 121. Qg5 Qxg5+ 122. Kxg5 1-0

[Event "Betsys MČR v online bleskovém šachu 2021"]
[Site "Chess.com"]
[Date "2021.04.17"]
[Round "12"]
[White "Jeff_CZE"]
[Black "sachistamartin"]
[Result "1-0"]
[WhiteElo "1804"]
[BlackElo "1428"]
[TimeControl "180+1"]
[EndTime "10:54:44 PDT"]
[Termination "Uživatel Jeff_CZE zvítězil matem"]

1. d4 d5 2. c4 Nf6 3. Nf3 Nc6 4. g3 e6 5. Bg2 Bb4+ 6. Bd2 Bxd2+ 7. Nbxd2 dxc4 8.
Nxc4 Bd7 9. O-O Qe7 10. Rc1 O-O-O 11. Qc2 h5 12. Nce5 Nxe5 13. Qxc7# 1-0

[Event "Betsys MČR v online bleskovém šachu 2021"]
[Site "Chess.com"]
[Date "2021.04.17"]
[Round "12"]
[White "Hroch-hroch"]
[Black "kol340"]
[Result "1-0"]
[WhiteElo "2236"]
[BlackElo "1886"]
[TimeControl "180+1"]
[EndTime "10:55:38 PDT"]
[Termination "Uživatel Hroch-hroch zvítězil po vzdání soupeře"]

1. e4 c6 2. d4 d5 3. e5 Bf5 4. g4 Bg6 5. h4 h5 6. e6 fxe6 7. Bd3 Bxd3 8. Qxd3 Kd7 9. Nf3 Na6 10.
Ne5+ Kc7 11. Nf7 Qd6 12. Nxd6 1-0

[Event "Betsys MČR v online bleskovém šachu 2021"]
[Site "Chess.com"]
[Date "2021.04.17"]
[Round "12"]
[White "clarissamcclellan"]
[Black "ReceptiveYoyo"]
[Result "1-0"]
[WhiteElo "1842"]
[BlackElo "1376"]
[TimeControl "180+1"]
[EndTime "10:55:43 PDT"]
[Termination "Uživatel clarissamcclellan zvítězil po vzdání soupeře"]

1. d4 d5 2. c4 e6 3. Nf3 Nf6 4. g3 Bd6 5. Bg2 Nc6 6. O-O e5 7. dxe5 Nxe5 8. cxd5 Nxf3+ 9. Bxf3 O-O 10. Nc3 Bb4 11. e4 Bg4 12. Bxg4 Bxc3 13. bxc3 Nxe4 14. Bb2 f5 15. Bf3 Nf6 16. Qd3 g6 17. Rad1 Qd7 18. Rfe1 Rfd8 19. c4 c6 20. Bxf6 1-0

[Event "Betsys MČR v online bleskovém šachu 2021"]
[Site "Chess.com"]
[Date "2021.04.17"]
[Round "12"]
[White "Innerz98"]
[Black "Adam20032007"]
[Result "1-0"]
[WhiteElo "2113"]
[BlackElo "1858"]
[TimeControl "180+1"]
[EndTime "10:55:52 PDT"]
[Termination "Uživatel Innerz98 zvítězil matem"]

1. d4 Nf6 2. Bf4 e6 3. e3 d5 4.
Bd3 c6 5. Nd2 Bd6 6. Bg3 O-O 7.
Ngf3 Nbd7 8. c3 Re8 9. Ne5 Qc7 10. f4 c5 11. O-O c4 12. Bc2 b5 13. Bh4 a5 14. Rf3 b4 15. Rh3 bxc3 16. bxc3 Bb7 17. Nxd7 Nxd7 18. Qh5 g6 19. Qxh7+ Kxh7 20. Bf6+ Kg8 21.
Rh8# 1-0

[Event "Betsys MČR v online bleskovém šachu 2021"]
[Site "Chess.com"]
[Date "2021.04.17"]
[Round "12"]
[White "JonasFadrny"]
[Black "hvanacek"]
[Result "1-0"]
[WhiteElo "744"]
[BlackElo "910"]
[TimeControl "180+1"]
[EndTime "10:55:53 PDT"]
[Termination "Uživatel JonasFadrny zvítězil po vzdání soupeře"]

1. e4 e5 2. Bc4 Nc6 3. Qh5 g6 4. Qf3 Qe7 5. b3 Nd4 6. Ba3 Nxc2+ 7. Kd1 Nd4 8. Bxe7 Nxf3 9. Bxf8 Nxg1 10. Bg7 d5 11.
Bxh8 dxc4 12. Rxg1 Nf6 13. Bxf6 1-0

[Event "Betsys MČR v online bleskovém šachu 2021"]
[Site "Chess.com"]
[Date "2021.04.17"]
[Round "12"]
[White "tryskomys"]
[Black "Krvelacny_krecek"]
[Result "0-1"]
[WhiteElo "1615"]
[BlackElo "2342"]
[TimeControl "180+1"]
[EndTime "10:56:24 PDT"]
[Termination "Uživatel Krvelacny_krecek zvítězil po vzdání soupeře"]

1. e4 e5 2. Nf3 Nc6 3. d4 exd4 4. Bc4 Nf6 5. O-O Nxe4 6. Re1 d5 7. Bxd5 Qxd5 8.
Nc3 Qd8 9. Nxe4 Be7 10. Bg5 f6 11. Nxf6+ gxf6 12. Bxf6 O-O 13. Bxe7 Nxe7 14. Nxd4 Ng6 15. c3 Kh8 16. Qh5 Qf6 17. Rf1 b6 18. Qd5 Ba6 19.
c4 Rad8 0-1

[Event "Betsys MČR v online bleskovém šachu 2021"]
[Site "Chess.com"]
[Date "2021.04.17"]
[Round "12"]
[White "pburak"]
[Black "Honzik1950"]
[Result "0-1"]
[WhiteElo "1272"]
[BlackElo "1498"]
[TimeControl "180+1"]
[EndTime "10:56:27 PDT"]
[Termination "Uživatel Honzik1950 zvítězil po vzdání soupeře"]

1. e4 a6 2. Nf3 b5 3. d4 e6 4. Be2 Nf6 5. e5 Nd5 6. c4 bxc4 7. Bxc4 Bb7 8. O-O Be7 9. Nc3 Nxc3 10.
bxc3 O-O 11. Be3 d6 12. Rb1 Qc8 13. Qd3 Nd7 14. Bg5 Bxg5 15. Nxg5 g6 16. Qh3 h5 17. g4 Kg7 18. gxh5 Rh8 19. Qf3 Bxf3 0-1

[Event "Betsys MČR v online bleskovém šachu 2021"]
[Site "Chess.com"]
[Date "2021.04.17"]
[Round "12"]
[White "Fafin1"]
[Black "DavidZidlicky"]
[Result "0-1"]
[WhiteElo "1343"]
[BlackElo "1630"]
[TimeControl "180+1"]
[EndTime "10:56:34 PDT"]
[Termination "Uživatel DavidZidlicky zvítězil po vzdání soupeře"]

1. e4 c5 2. Bc4 Nc6 3. Nf3 h6 4. d3 d6 5. O-O e5 6. h3 Nf6 7. Be3 Be7 8. Nc3 a6 9. a4 Be6 10. Bxe6 fxe6 11. b3 O-O 12. Nh4 Nxe4 13. Ng6 Nxc3 14.
Nxe7+ Qxe7 15. Qd2 Nd5 16. c4 Nf4 17. Kh2 Nd4 18. g3 Nf3+ 0-1

[Event "Betsys MČR v online bleskovém šachu 2021"]
[Site "Chess.com"]
[Date "2021.04.17"]
[Round "12"]
[White "Bohous13"]
[Black "KJ327NR"]
[Result "1/2-1/2"]
[WhiteElo "2244"]
[BlackElo "2356"]
[TimeControl "180+1"]
[EndTime "10:56:37 PDT"]
[Termination "Remíza dohodou"]

1. e4 e5 2. Nf3 Nc6 3. d4 exd4 4.
Bc4 Nf6 5. O-O Nxe4 6. Re1 d5 7. Bxd5 Qxd5 8. Nc3 Qd7 9. Rxe4+ Be7 10. Nxd4 f5 11.
Rf4 O-O 12. Nxc6 Qxc6 13. Qd5+ Qxd5 14. Nxd5 Bd6 15. Rd4 Be6 16. Bf4 Rad8 17. Rad1 Bxf4 18. Nxf4 Rxd4 19. Rxd4 Kf7 20. f3 g5 21. Nxe6 Kxe6 22. Kf2 1/2-1/2

[Event "Betsys MČR v online bleskovém šachu 2021"]
[Site "Chess.com"]
[Date "2021.04.17"]
[Round "12"]
[White "Tomasbezdek07"]
[Black "Millbo64"]
[Result "0-1"]
[WhiteElo "1696"]
[BlackElo "1978"]
[TimeControl "180+1"]
[EndTime "10:56:47 PDT"]
[Termination "Uživatel Millbo64 zvítězil po vzdání soupeře"]

1. e4 c6 2. d4 d5 3. Nc3 dxe4 4. Nxe4 Bf5 5. Nc5 b6 6. Nb3 e6 7. Bd3 Bxd3 8. Qxd3 Nf6 9. Bg5 Be7 10. Nf3 O-O 11. O-O Nbd7 12. Rfe1 Nd5 13. Bxe7 Qxe7 14. c3 Rad8 15.
Qe2 c5 16. Rad1 Nf4 17. Qe4 Ng6 18. dxc5 Nxc5 19. Nxc5 Qxc5 20. Nd4 Qc4 21. a3 e5 22.
Nf3 Qxe4 0-1

[Event "Betsys MČR v online bleskovém šachu 2021"]
[Site "Chess.com"]
[Date "2021.04.17"]
[Round "12"]
[White "EDA16"]
[Black "Patrik_Kohm"]
[Result "0-1"]
[WhiteElo "1119"]
[BlackElo "1393"]
[TimeControl "180+1"]
[EndTime "10:56:55 PDT"]
[Termination "Uživatel Patrik_Kohm zvítězil matem"]

1. d4 d5 2. c4 e6 3. Nc3 Nf6 4. Bg5 Nbd7 5. cxd5 e5 6. dxe5 Nxe5 7. Nf3 Nxf3+ 8. exf3 Be7 9. Bc4 O-O 10. O-O Bf5 11. Bd3 Bxd3 12. Qxd3 h6 13. Bxf6 Bxf6 14. Rac1 Qd7 15.
Ne4 Be7 16. Rfe1 Bd6 17. Nc5 Bxc5 18. Rxc5 c6 19. Rd1 cxd5 20. Rxd5 Qc6 21. Rd4 Rac8 22.
b3 Qc2 23. Qxc2 Rxc2 24. R4d2 Rc7 25. Rd7 Rfc8 26. Rxc7 Rxc7 27. Rd2 Rc1+ 28. Rd1 Rxd1# 0-1

[Event "Betsys MČR v online bleskovém šachu 2021"]
[Site "Chess.com"]
[Date "2021.04.17"]
[Round "12"]
[White "Johanna94"]
[Black "masterofbuzkashi"]
[Result "0-1"]
[WhiteElo "2077"]
[BlackElo "2242"]
[TimeControl "180+1"]
[EndTime "10:57:03 PDT"]
[Termination "Uživatel masterofbuzkashi zvítězil matem"]

1. d4 c5 2. d5 d6 3. c4 g6 4. Nf3 Bg7 5. e4 Nd7 6. Bd3 Ngf6 7. Nc3 O-O 8. h3 Ne5 9. Nxe5 dxe5 10. Be3 b6 11. O-O Ne8 12. f4 Nd6 13. Qe2 f5 14.
Rae1 fxe4 15. Nxe4 exf4 16. Bxf4 Nf5 17. Ng5 Nd4 18.
Qd2 Bf5 19. Bxf5 Rxf5 20. Ne6 Nxe6 21. Rxe6 Qf8 22. Ree1 Rd8 23. Bg3 Bd4+ 24. Kh2 Rxf1 25. Rxf1 Qxf1 26. Qg5 Qg1# 0-1

[Event "Betsys MČR v online bleskovém šachu 2021"]
[Site "Chess.com"]
[Date "2021.04.17"]
[Round "12"]
[White "VildaSt"]
[Black "adambelaska"]
[Result "0-1"]
[WhiteElo "1281"]
[BlackElo "1388"]
[TimeControl "180+1"]
[EndTime "10:57:07 PDT"]
[Termination "Uživatel adambelaska zvítězil po vzdání soupeře"]

1. e4 e5 2. Nf3 Nc6 3. Bb5 Nf6 4. Nc3 Bc5 5. O-O a6 6. Bd3 Nb4 7. a3 Nxd3 8. cxd3 d6 9. b4 Bb6 10. Bb2 O-O 11. Ne2 Bg4 12. h3 Bxf3 13. gxf3 Qd7 14. Kh1 Qxh3+ 15. Kg1 Nh5 16. d4 exd4 17. Bxd4 Bxd4 18.
Nxd4 Nf4 0-1

[Event "Betsys MČR v online bleskovém šachu 2021"]
[Site "Chess.com"]
[Date "2021.04.17"]
[Round "12"]
[White "Anyna"]
[Black "Jaja15F"]
[Result "0-1"]
[WhiteElo "857"]
[BlackElo "1136"]
[TimeControl "180+1"]
[EndTime "10:57:17 PDT"]
[Termination "Uživatel Jaja15F zvítězil po vzdání soupeře"]

1. d4 e5 2. Nf3 e4 3. Nfd2 Nf6 4. Nc3 d5 5. e3 Bb4 6. Be2 Be6 7. O-O Nc6 8. Bb5 Bxc3 9. bxc3 Qd7 10. Nb3 a6 11. Nc5 Qe7 12. Bxc6+ bxc6 13. Ba3 Nd7 14. Nb7 Qxa3 15.
Qh5 Rb8 16. Rab1 O-O 17. Nc5 Rxb1 18. Nxd7 Rxf1+ 19. Kxf1 0-1

[Event "Betsys MČR v online bleskovém šachu 2021"]
[Site "Chess.com"]
[Date "2021.04.17"]
[Round "12"]
[White "SajdlJosef"]
[Black "jankrelina07"]
[Result "1-0"]
[WhiteElo "1821"]
[BlackElo "1606"]
[TimeControl "180+1"]
[EndTime "10:57:20 PDT"]
[Termination "Uživatel SajdlJosef zvítězil po vzdání soupeře"]

1. d4 Nf6 2. Nf3 g6 3. Bf4 d6 4.
e3 Bg7 5. Nbd2 Bd7 6. Bc4 a6 7. a4 O-O 8. O-O Nc6 9. c3 Na5 10. Ba2 Nc6 11. h3 b6 12. Re1 Nh5 13. Bh2 Re8 14. Ng5 h6 15. Bxf7+ Kh8 16. Bxe8 Bxe8 17. Ngf3 e5 18. dxe5 Nxe5 19. Nxe5 Bxe5 20. Bxe5+ dxe5 21. Nc4 Qf6 22. Qd5 Bf7 23. Qxa8+ Kg7 24. Qe4 c5 25. b3 1-0

[Event "Betsys MČR v online bleskovém šachu 2021"]
[Site "Chess.com"]
[Date "2021.04.17"]
[Round "12"]
[White "Kamilotka"]
[Black "Tah_na_g12"]
[Result "1-0"]
[WhiteElo "1582"]
[BlackElo "1175"]
[TimeControl "180+1"]
[EndTime "10:57:22 PDT"]
[Termination "Uživatel Kamilotka zvítězil matem"]

1. e4 e5 2. d4 exd4 3. Bc4 Nc6 4. Nf3 Bb4+ 5. c3 dxc3 6. bxc3 Bc5 7. Qb3 Qe7 8. Nbd2 Nf6 9. Bd3 d6 10. O-O O-O 11.
Qc2 Be6 12. Nb3 Bb6 13. Bg5 h6 14. Bh4 a6 15. Rfe1 d5 16. e5 g5 17. exf6 Qxf6 18.
Bg3 h5 19. Be5 Qe7 20. Qd2 Nxe5 21. Nxe5 c6 22. Qe2 h4 23. Qh5 Bc7 24. Qh7# 1-0

[Event "Betsys MČR v online bleskovém šachu 2021"]
[Site "Chess.com"]
[Date "2021.04.17"]
[Round "12"]
[White "Milan_Jancek"]
[Black "JindrichT_CZE"]
[Result "0-1"]
[WhiteElo "1816"]
[BlackElo "2046"]
[TimeControl "180+1"]
[EndTime "10:57:29 PDT"]
[Termination "Uživatel JindrichT_CZE zvítězil po vzdání soupeře"]

1. c4 c5 2. Nc3 Nc6 3. g3 g6 4. Bg2 Bg7 5. d3 d6 6. e4 e5 7. Nge2 f5 8. O-O h5 9. exf5 gxf5 10. f4 h4 11. Nd5 Nf6 12. Nec3 hxg3 13. hxg3 Ng4 14.
fxe5 Ncxe5 15. Bf4 Ng6 16. Qe2+ Kf8 17. Bxd6+ Qxd6 18. Qxg4 Bd4+ 19. Qxd4 cxd4 20. Ne2 Be6 21. Nxd4 Qc5 0-1

[Event "Betsys MČR v online bleskovém šachu 2021"]
[Site "Chess.com"]
[Date "2021.04.17"]
[Round "12"]
[White "vadoto"]
[Black "maelic"]
[Result "0-1"]
[WhiteElo "1393"]
[BlackElo "1755"]
[TimeControl "180+1"]
[EndTime "10:57:34 PDT"]
[Termination "Uživatel maelic zvítězil po vzdání soupeře"]

1. e4 e6 2. d4 d5 3. e5 c5 4. c3 Nc6 5. Nf3 Qb6 6. Be3 Qxb2 7. Nbd2 Qxc3 8. Be2 cxd4 9. Bxd4 Nxd4 10. Nxd4 Qxd4 11.
O-O Bd7 12. Nb3 Qb6 13. Qd3 Ne7 14. Rfc1 Nc6 15. Qg3 g6 16. h3 Bg7 17. Qd3 O-O 18. Qc2 Rac8 19. Nc5 Nd4 20. Qd3 Nxe2+ 21. Qxe2 Rxc5 22. Rxc5 Qxc5 23. Qb2 b6 24. Rc1 Qb5 25. Qxb5 Bxb5 26. Rc8 Rxc8 0-1

[Event "Betsys MČR v online bleskovém šachu 2021"]
[Site "Chess.com"]
[Date "2021.04.17"]
[Round "12"]
[White "bumurubac"]
[Black "feela1"]
[Result "0-1"]
[WhiteElo "1010"]
[BlackElo "1297"]
[TimeControl "180+1"]
[EndTime "10:57:50 PDT"]
[Termination "Uživatel feela1 zvítězil po vzdání soupeře"]

1. e4 e5 2. Bc4 Nf6 3. Nc3 Bc5 4. Nf3 Nc6 5. Ng5 d5 6. exd5 Nxd5 7. Qf3 Qxg5 8. d4 Qf6 9. Bxd5 Qxf3 10. Bxf3 Nxd4 11. Nd5 O-O 12. Nxc7 Rb8 13. Nd5 Nxc2+ 14. Kd1 Nxa1 15. Re1 Bxf2 16. Rxe5 Be6 17. Ne7+ Kh8 18. Be4 Rfe8 19. Rh5 Bg4+ 20. Bf3 Bxh5 21. Bxh5 Rxe7 22. Bg5 Rd7+ 23. Ke2 Bb6 24. Bg4 Re8+ 25. Kf3 Rd3+ 26. Kf4 f6 27.
Be2 fxg5+ 0-1

[Event "Betsys MČR v online bleskovém šachu 2021"]
[Site "Chess.com"]
[Date "2021.04.17"]
[Round "12"]
[White "terezkai"]
[Black "Figo5144"]
[Result "1-0"]
[WhiteElo "838"]
[BlackElo "566"]
[TimeControl "180+1"]
[EndTime "10:57:50 PDT"]
[Termination "Uživatel terezkai zvítězil matem"]

1. e4 e5 2. Bc4 Nf6 3. Nf3 Nc6 4.
Nc3 Nxe4 5. Nxe4 d5 6. Bxd5 Qxd5 7. Nc3 Qd7 8. O-O Bc5 9. d3 O-O 10. Be3 Bd6 11. d4 e4 12. Nxe4 Qe6 13. Nxd6 cxd6 14. d5 Qg6 15. dxc6 Bh3 16. Nh4 bxc6 17. Nxg6 Bf5 18. Nxf8 Rxf8 19. Qxd6 Bxc2 20. Bc5 Bg6 21.
Qxf8# 1-0